 Dungeon Crawl Stone Soup version 0.27-a0-1191-g601b473118 (webtiles) character file.

Game seed: 2387022635202673229

49 Lanoc the Gusty (level 3, -1/26 HPs)
             Began as a Draconian Air Elementalist on May 23, 2021.
             Was an Initiate of Ashenzari.
             Slain by a centaur (2 damage)
             ... on level 3 of the Dungeon.
             The game lasted 00:03:28 (2417 turns).

Lanoc the Gusty (Draconian Air Elementalist)        Turns: 2417, Time: 00:03:29

Health: -1/26      AC:  5    Str: 10    XL:     3   Next: 53%
Magic:  1/6        EV: 12    Int: 16    God:    Ashenzari [......]
Gold:   13         SH:  0    Dex: 11    Spells: 5/6 levels left

rFire    . . .     SeeInvis .   (no weapon)
rCold    . . .     Faith    .   (no shield)
rNeg     . . .     Spirit   .   (armour unavailable)
rPois    .         Reflect  .   (helmet restricted)
rElec    .         Harm     .   (no cloak)
rCorr    .         Rampage  .   (no gloves)
Will     .....                  (no boots)
Stlth    ++........             (no amulet)
HPRegen  0.08/turn              (no ring)
MPRegen  0.10/turn              (no ring)

@: very slightly contaminated
A: AC +5, unfitting armour, cold-blooded
a: Renounce Religion, Curse Item


You were on level 3 of the Dungeon.
You worshipped Ashenzari.
Ashenzari was noncommittal.
You visited 1 branch of the dungeon, and saw 3 of its levels.

You collected 109 gold pieces.
You spent 96 gold pieces at shops.

Inventory:

Scrolls
 b - a scroll of vulnerability
 c - 4 scrolls of identify
 h - a scroll of magic mapping
 i - a scroll of enchant armour
 l - a scroll of holy word
 m - a scroll of enchant weapon
Potions
 d - a potion of degeneration
 f - a potion of attraction
 g - a potion of flight


   Skills:
 + Level 2.4 Dodging
 - Level 1.7 Stealth
 - Level 2.0 Spellcasting
 - Level 1.0 Conjurations
 * Level 4.1 Air Magic


You had 5 spell levels left.
You knew the following spells:

 Your Spells              Type           Power      Damage    Failure   Level
a - Shock                 Conj/Air       36%        1d5       7%          1

Your spell library contained the following spells:

 Spells                   Type           Power      Damage    Failure   Level
 Static Discharge         Conj/Air       9%         N/A       11%         2
 Swiftness                Air            14%        N/A       11%         3
 Airstrike                Air            7%         N/A       36%         4
 Lightning Bolt           Conj/Air       4%         1d16      89%         5


Dungeon Overview and Level Annotations

Branches:
Dungeon (3/15)

Altars:
Ashenzari
Trog

Shops:
D:1 =   D:3 *

Annotations:
D:2 Sigmund


Innate Abilities, Weirdness & Mutations

Your plain brown scales are hard. (AC +5)
You cannot fit into any form of body armour.
You are cold-blooded and may be slowed by cold attacks.


Message History

The centaur barely misses you.
The centaur kicks you but does no damage.
Casting: Shock (safe; 7% risk of failure)
Confirm with . or Enter, or press ? or * to list all spells.
Aiming: Shock (safe; 7% risk of failure)
Press: ? - help, Shift-Dir - straight line, f/p - centaur
Aim: a centaur, quivering arrows (severely wounded, 81% to hit)
The zap hits the centaur.
The centaur is almost dead.
The centaur misses you. The centaur barely misses you.
The centaur hits you but does no damage.
The centaur barely misses you. The centaur closely misses you.
The centaur barely misses you.
Okay, then.
Okay, then.
The centaur misses you.
The centaur kicks you but does no damage.
You see here a scroll of identify.
You hit the centaur but do no damage.
The centaur is almost dead.
The centaur misses you.
The centaur kicks you but does no damage.
The centaur closely misses you. x2
You hit the centaur but do no damage.
The centaur is almost dead.
The centaur closely misses you. The centaur misses you.
You hit the centaur but do no damage.
The centaur is almost dead.
The centaur closely misses you. The centaur barely misses you.
The centaur hits you but does no damage.
The centaur closely misses you.
You barely miss the centaur. You tail-slap the centaur.
The centaur is almost dead.
The centaur hits you.
* * * LOW HITPOINT WARNING * * *
The centaur closely misses you.
You hit the centaur but do no damage.
The centaur is almost dead.
The centaur hits you.
You die...

#.# ##...## #.# #.# ##'## #.#
#.# ######.# #.# ##.#
#....#.#### #.# #..#
##.#.......# #.# #.##
#........#.# #.# #.#
#..#.......# #.# #.#
#........#.#
#.######....@..##.#####
#......(....#c.........
########.##.......####
#.......#### ### ########.#
..# #......#.# #.###.####.#.#
##.##.........######
##..##..####.#.##...#########


You could see a centaur.

Vanquished Creatures
  An adder (D:2)
  2 dart slugs
  3 ball pythons
  4 bats
  5 endoplasms
  3 giant cockroaches
  2 goblins
  3 hobgoblins
  2 quokkas (D:1)
  A frilled lizard (D:1)
  2 kobolds
  3 rats
31 creatures vanquished.

Notes
Turn   | Place    | Note
-------+----------+-------------------------------------------
     0 | D:1      | Lanoc the Draconian Air Elementalist began the quest for
                  | the Orb.
     0 | D:1      | Reached XP level 1. HP: 14/14 MP: 3/3
    77 | D:1      | Found Kod Mostrei's Jewellery Shop.
   311 | D:1      | Reached XP level 2. HP: 16/20 MP: 0/5
  1359 | D:2      | Noticed Sigmund
  1446 | D:2      | Reached XP level 3. HP: 21/26 MP: 0/6
  1540 | D:2      | Reached skill level 4 in Air Magic
  1652 | D:2      | Found a faded altar of an unknown god.
  1661 | D:2      | Became a worshipper of Ashenzari the Shackled
  1921 | D:3      | Found Zegoiz's Assorted Antiques.
  1929 | D:3      | Bought a scroll labelled YSINNI OCWIM for 20 gold pieces
  1929 | D:3      | Bought a fuming pink potion for 18 gold pieces
  1929 | D:3      | Bought a coppery potion for 18 gold pieces
  1929 | D:3      | Bought a scroll labelled ZIGOMO PAUBETH for 20 gold pieces
  1929 | D:3      | Bought a scroll labelled GOWKID DOFRUSTOWA for 20 gold
                  | pieces
  1953 | D:3      | Noticed a centaur
  2209 | D:3      | Found a bloodstained altar of Trog.
  2408 | D:3      | HP: 1/26 [centaur (2)]
  2416 | D:3      | HP: 1/26 [centaur (1)]
  2417 | D:3      | Slain by a centaur

Illustrated notes

Levels and vault maps discovered:
D:1:      eino_arrival_cavern_e, layout_basic, serial_shops, shop
D:2:      layout_loops_cross, ebering_ecumenical_altar_webs, uniq_sigmund
D:3:      layout_loops_corners, old_standard_altar, serial_shops,
          nicolae_shop_crystal

Skill      XL: |  1  2  3 |
---------------+----------+-----
Dodging        | 2 |  2.4
Air Magic      | 4 |  4.1
Stealth        | |  1.7
Spellcasting   | |  2.0
Conjurations   | |  1.0

Action                   || total
-------------------------++-------
Melee: Unarmed           ||    30
       Tailslap          ||     6
 Cast: Shock             ||    73
  Use: Scroll            ||     2
       Potion            ||     2
 Stab: Invisible         ||     1
Armor: Skin              ||    21
Dodge: Dodged            ||    60

Table legend: (Time is in decaauts)
 A = Elapsed time spent in this place.
 B = Non-inter-level travel time spent in this place.
 C = Inter-level travel time spent in this place.
 D = Time resting spent in this place.
 E = Time spent auto-exploring this place.
 F = Levels seen in this place.
 G = Mean time per level.
                   A        B        C        D        E       F      G
               +--------+--------+--------+--------+--------+-----+--------+
         Total |   2417 |   2343 |     74 |      0 |   2081 |   3 |  805.7 |
       Dungeon |   2417 |   2343 |     74 |      0 |   2081 |   3 |  805.7 |
               +--------+--------+--------+--------+--------+-----+--------+

Top non-repeatable levels by time:
     D:1: 1195 daAuts
     D:3: 639 daAuts
     D:2: 582 daAuts
